Abbotsford Heat vs Tucson Roadrunners
Created - Tuesday, February 17, 2026 at 09:50
Goals
|
| Abbotsford Heat |
2 |
1 |
1 |
4 |
| Tucson Roadrunners |
2 |
2 |
2 |
6 |
|
Shots
|
| Abbotsford Heat |
14 |
12 |
8 |
34 |
| Tucson Roadrunners |
4 |
19 |
10 |
33 |
|
1st period
1. Abbotsford Heat , Devin Shore 14 (Vincent Iorio 11, Garnet Hathaway 22) at 3:25 (PP)
2. Abbotsford Heat , Lucas Condotta 6 (Maxim Groshev 3, Dennis Cholowski 17) at 6:08
3. Tucson Roadrunners , Brock McGinn 21 (Ty Dellandrea 21, Steven Lorentz 28) at 6:51
4. Tucson Roadrunners , Dryden Hunt 32 (Ivan Ivan 32, Ty Dellandrea 22) at 19:12
Penalties :
Hunter Drew (TRR) for Roughing (Minor) at 2:01, Lucas Condotta (ABH) for Interference (Minor) at 3:54, Steven Lorentz (TRR) for Fighting (Major) at 10:13, Vincent Iorio (ABH) for Fighting (Major) at 10:13
2nd period
5. Tucson Roadrunners , Maxwell Crozier 3 (Brock McGinn 20, Steven Lorentz 29) at 0:08
6. Tucson Roadrunners , Brock McGinn 22 (Steven Lorentz 30, Maxwell Crozier 11) at 2:15 (PP)
7. Abbotsford Heat , Jani Nyman 27 (Nikita Nesterenko 13, Devin Shore 24) at 4:12 (PP)
Penalties :
Madison Bowey (ABH) for Hooking (Minor) at 2:00, Dryden Hunt (TRR) for Tripping (Minor) at 3:26, Hunter Drew (TRR) for Slashing (Minor) at 5:47, Maxwell Crozier (TRR) for Delaying the game (Minor) at 8:51
3rd period
8. Tucson Roadrunners , Ivan Ivan 18 (Dryden Hunt 24, William Carrier 27) at 1:33
9. Abbotsford Heat , Nikita Nesterenko 14 (Devin Shore 25) at 5:30
10. Tucson Roadrunners , Ty Dellandrea 17 (Steven Lorentz 31, Brock McGinn 21) at 19:22 (Empty Net)
Penalties :
Benoit-Olivier Groulx (ABH) for Slashing (Minor) at 5:53, Topias Vilen (TRR) for Fighting (Major) at 8:06, Lucas Condotta (ABH) for Fighting (Major) at 8:06, Tyson Barrie (TRR) for Holding (Minor) at 12:42
Goalie Stats
Ivan Fedotov (ABH), 27 saves from 32 shots - (0.844), L, 16-9-1, 59:34 minutes
Arturs Silovs (TRR), 30 saves from 34 shots - (0.882), W, 16-5-0, 60:00 minutes
Players Stats for Abbotsford Heat
Player Name G A P +/- PIM S H SB GA TA FO MP PP MP PK MP
------------------------------------------------------------------------------------
0 0 0 0 0 0 0 0 0 0 0/0 0:00 0:00 0:00
Adam Engstrom 0 0 0 0 0 0 1 0 0 1 0/0 20:59 4:12 1:52
Angus Crookshank 0 0 0 0 0 2 1 0 1 0 0/1 18:09 3:37 0:00
Benoit-Olivier Groulx 0 0 0 0 2 2 3 1 0 1 12/19 18:02 3:37 0:00
Dennis Cholowski 0 1 1 -3 0 0 0 4 1 0 0/0 25:58 3:55 2:21
Devin Shore 1 2 3 -1 0 1 2 1 0 0 10/22 20:06 4:29 1:28
Garnet Hathaway 0 1 1 -1 0 7 3 3 2 0 2/4 25:17 4:29 1:47
Hunter McDonald 0 0 0 0 0 1 1 0 0 0 0/0 15:24 0:00 0:00
Jani Nyman 1 0 1 0 0 7 0 2 1 0 1/1 20:15 3:37 2:10
Kirill Kudryavtsev 0 0 0 0 0 0 1 3 0 1 0/0 20:59 4:12 1:52
Lucas Condotta 1 0 1 -2 7 4 0 1 0 0 5/9 11:30 0:01 0:03
Luke Toporowski 0 0 0 0 0 0 1 0 0 0 0/0 4:06 0:01 0:24
Madison Bowey 0 0 0 0 2 1 0 0 0 0 0/0 13:25 0:00 0:00
Maxim Groshev 0 1 1 -2 0 0 1 1 0 0 0/0 11:30 0:00 0:00
Nikita Nesterenko 1 1 2 -1 0 4 1 0 1 0 1/1 20:21 4:29 1:39
Nikita Prishchepov 0 0 0 0 0 0 1 0 0 0 2/3 8:04 0:00 0:55
Rafael Harvey-Pinard 0 0 0 -2 0 3 0 2 1 0 0/0 12:45 0:01 0:00
Sandis Vilmanis 0 0 0 0 0 0 1 0 0 0 0/0 5:39 0:00 0:00
Vincent Iorio 0 1 1 -3 5 2 2 0 0 1 0/0 23:13 3:55 2:21
Players Stats for Tucson Roadrunners
Player Name G A P +/- PIM S H SB GA TA FO MP PP MP PK MP
------------------------------------------------------------------------------------
0 0 0 0 0 0 0 0 0 0 0/0 0:00 0:00 0:00
Andre Lee 0 0 0 0 0 0 1 0 1 0 0/0 7:04 0:00 0:24
Atley Calvert 0 0 0 -1 0 0 3 1 0 0 0/0 12:38 0:00 0:00
Brock McGinn 2 2 4 3 0 4 1 2 0 1 3/4 19:50 2:13 4:21
Chase Wheatcroft 0 0 0 0 0 0 0 0 0 0 1/1 5:53 0:00 0:00
Dryden Hunt 1 1 2 1 2 5 6 2 1 0 0/1 20:05 2:00 3:19
Hunter Drew 0 0 0 0 4 1 1 0 0 0 0/0 15:06 0:00 0:00
Hunter Haight 0 0 0 -1 0 2 1 0 0 0 6/11 12:28 0:00 0:00
Ivan Ivan 1 1 2 1 0 4 1 0 0 0 5/13 16:49 2:00 0:00
Jani Hakanpaa 0 0 0 0 0 0 3 2 0 0 0/0 25:08 2:17 4:25
Matt Luff 0 0 0 -1 0 2 1 0 0 1 0/0 13:42 0:00 0:03
Maxwell Crozier 1 1 2 3 2 3 1 0 0 1 0/0 20:32 1:56 2:33
Ondrej Pavel 0 0 0 0 0 0 1 0 0 0 1/2 4:11 0:00 0:00
Samuel Knazko 0 0 0 0 0 0 1 3 0 2 0/0 15:42 0:00 2:34
Steven Lorentz 0 4 4 3 5 2 3 0 2 0 6/17 22:12 2:13 4:21
Topias Vilen 0 0 0 3 5 1 1 0 0 0 0/0 18:50 1:56 3:50
Ty Dellandrea 1 2 3 3 0 6 4 0 0 2 4/9 19:52 2:13 3:46
Tyson Barrie 0 0 0 0 2 2 1 1 0 0 0/0 25:25 2:17 3:22
William Carrier 0 1 1 1 0 1 3 1 0 0 1/2 16:49 2:00 0:00
3 Stars
1 - Brock McGinn (TRR)
2 - Ty Dellandrea (TRR)
3 - Dryden Hunt (TRR)
Power Play
Abbotsford Heat - 2 on 5 Attempt(s) - 40.00%
Tucson Roadrunners - 1 on 3 Attempt(s) - 33.33%
Penalty Kill
Abbotsford Heat - 2 on 3 Attempt(s) - 66.67%
- Score 0 goal in Penalty Kill
Tucson Roadrunners - 3 on 5 Attempt(s) - 60.00%
- Score 0 goal in Penalty Kill
Team Stat
Abbotsford Heat - Hits : 19 - Faceoff Wins : 33 - Blocked Shots : 18 - Penalty Minutes : 16
Tucson Roadrunners - Hits : 33 - Faceoff Wins : 27 - Blocked Shots : 12 - Penalty Minutes : 20
Official
Referees : Gord Dwyer and Kelly Sutherland
Linesman : Kyle Flemington and Jonny Murray
Game Notes
Steven Lorentz beats up Vincent Iorio at 10:13 of 1st period
Lucas Condotta beats up Topias Vilen at 8:06 of 3rd period
Ty Dellandrea has scored in a empty net!
Abbotsford Heat
5 vs 5 Forward
Center Left Wing Right Wing Time % Phy DF OF
1 Devin Shore Nikita Nesterenko Garnet Hathaway 30 1 2 2
2 Benoit-Olivier Groulx Angus Crookshank Jani Nyman 30 1 2 2
3 Lucas Condotta Rafael Harvey-Pinard Maxim Groshev 25 1 2 2
4 Nikita Prishchepov Sandis Vilmanis Garnet Hathaway 15 1 2 2
5 vs 5 Defense
Defense Defense Time % Phy DF OF
1 Dennis Cholowski Vincent Iorio 30 1 2 2
2 Kirill Kudryavtsev Adam Engstrom 30 1 2 2
3 Hunter McDonald Madison Bowey 25 1 2 2
4 Dennis Cholowski Vincent Iorio 15 1 2 2
PowerPlay Forward
Center Left Wing Right Wing Time % Phy DF OF
1 Devin Shore Nikita Nesterenko Garnet Hathaway 50 1 2 2
2 Benoit-Olivier Groulx Angus Crookshank Jani Nyman 50 1 2 2
PowerPlay Defense
Defense Defense Time % Phy DF OF
1 Dennis Cholowski Vincent Iorio 50 1 2 2
2 Kirill Kudryavtsev Adam Engstrom 50 1 2 2
Penalty Kill 4 Players Forward
Center Wing Time % Phy DF OF
1 Garnet Hathaway Jani Nyman 50 1 2 2
2 Devin Shore Nikita Nesterenko 50 1 2 2
Penalty Kill 4 Players Defense
Defense Defense Time % Phy DF OF
1 Dennis Cholowski Vincent Iorio 50 1 2 2
2 Kirill Kudryavtsev Adam Engstrom 50 1 2 2
Penalty Kill - 3 Players Forward
Forward Time % Phy DF OF
1 Garnet Hathaway 50 1 2 2
2 Jani Nyman 50 1 2 2
Penalty Kill - 3 Players Defense
Defense Defense Time % Phy DF OF
1 Dennis Cholowski Vincent Iorio 50 1 2 2
2 Kirill Kudryavtsev Adam Engstrom 50 1 2 2
4 vs 4 Forward
Center Wing Time % Phy DF OF
1 Garnet Hathaway Jani Nyman 50 1 2 2
2 Devin Shore Nikita Nesterenko 50 1 2 2
4 vs 4 Defense
Defense Defense Time % Phy DF OF
1 Dennis Cholowski Vincent Iorio 50 1 2 2
2 Kirill Kudryavtsev Adam Engstrom 50 1 2 2
Last Minutes Offensive
Center Left Wing Right Wing Defense Defense
Devin Shore Nikita Nesterenko Garnet Hathaway Dennis Cholowski Vincent Iorio
Last Minutes Defensive
Center Left Wing Right Wing Defense Defense
Devin Shore Nikita Nesterenko Garnet Hathaway Dennis Cholowski Vincent Iorio
Goaltenders
Starting : Ivan Fedotov
Backup : Pheonix Copley
Extra Forwards
Normal : Luke Toporowski, Lucas Condotta, Nikita Prishchepov - PP : Luke Toporowski, Lucas Condotta - PK : Nikita Prishchepov
Extra Defensemen
Normal : Hunter McDonald, Madison Bowey, Kirill Kudryavtsev - PP : Hunter McDonald - PK : Madison Bowey, Kirill Kudryavtsev
Penalty Shots
Garnet Hathaway, Jani Nyman, Devin Shore, Nikita Nesterenko, Angus Crookshank
Scratches
Xavier Simoneau (Healthy), Tucker Robertson (Healthy), Ales Stezka (Healthy)
Tucson Roadrunners
5 vs 5 Forward
Center Left Wing Right Wing Time % Phy DF OF
1 Steven Lorentz Brock McGinn Ty Dellandrea 30 1 2 2
2 Ivan Ivan Dryden Hunt William Carrier 30 1 2 2
3 Hunter Haight Matt Luff Atley Calvert 25 1 2 2
4 Chase Wheatcroft Andre Lee Steven Lorentz 15 1 2 2
5 vs 5 Defense
Defense Defense Time % Phy DF OF
1 Jani Hakanpaa Tyson Barrie 30 1 2 2
2 Maxwell Crozier Topias Vilen 30 1 2 2
3 Hunter Drew Samuel Knazko 25 1 2 2
4 Jani Hakanpaa Tyson Barrie 15 1 2 2
PowerPlay Forward
Center Left Wing Right Wing Time % Phy DF OF
1 Steven Lorentz Brock McGinn Ty Dellandrea 50 1 2 2
2 Ivan Ivan Dryden Hunt William Carrier 50 1 2 2
PowerPlay Defense
Defense Defense Time % Phy DF OF
1 Jani Hakanpaa Tyson Barrie 50 1 2 2
2 Maxwell Crozier Topias Vilen 50 1 2 2
Penalty Kill 4 Players Forward
Center Wing Time % Phy DF OF
1 Steven Lorentz Brock McGinn 50 1 2 2
2 Ty Dellandrea Dryden Hunt 50 1 2 2
Penalty Kill 4 Players Defense
Defense Defense Time % Phy DF OF
1 Jani Hakanpaa Tyson Barrie 50 1 2 2
2 Maxwell Crozier Topias Vilen 50 1 2 2
Penalty Kill - 3 Players Forward
Forward Time % Phy DF OF
1 Steven Lorentz 50 1 2 2
2 Brock McGinn 50 1 2 2
Penalty Kill - 3 Players Defense
Defense Defense Time % Phy DF OF
1 Jani Hakanpaa Tyson Barrie 50 1 2 2
2 Maxwell Crozier Topias Vilen 50 1 2 2
4 vs 4 Forward
Center Wing Time % Phy DF OF
1 Steven Lorentz Brock McGinn 50 1 2 2
2 Ty Dellandrea Dryden Hunt 50 1 2 2
4 vs 4 Defense
Defense Defense Time % Phy DF OF
1 Jani Hakanpaa Tyson Barrie 50 1 2 2
2 Maxwell Crozier Topias Vilen 50 1 2 2
Last Minutes Offensive
Center Left Wing Right Wing Defense Defense
Steven Lorentz Brock McGinn Ty Dellandrea Jani Hakanpaa Tyson Barrie
Last Minutes Defensive
Center Left Wing Right Wing Defense Defense
Steven Lorentz Brock McGinn Ty Dellandrea Jani Hakanpaa Tyson Barrie
Goaltenders
Starting : Arturs Silovs
Backup : Vyacheslav Peksa
Extra Forwards
Normal : Ondrej Pavel, Matt Luff, Andre Lee - PP : Ondrej Pavel, Matt Luff - PK : Andre Lee
Extra Defensemen
Normal : Hunter Drew, Samuel Knazko, Maxwell Crozier - PP : Hunter Drew - PK : Samuel Knazko, Maxwell Crozier
Penalty Shots
Steven Lorentz, Brock McGinn, Ty Dellandrea, Dryden Hunt, William Carrier
Scratches
Zach Dean (Healthy), Lleyton Moore (Healthy), Fabian Wagner (Healthy), Trevor Kuntar (Healthy), Dyllan Gill (Healthy)
Magnus Chrona (Healthy), Georgi Romanov (Healthy), Ruslan Khazheyev (Healthy)
% Time on Ice - Abbotsford Heat
Lines # - Real PCT - Wanted PCT - Time Play
Normal Forward
1 - 29% - 30% - 13:33
2 - 36% - 30% - 16:45
3 - 24% - 25% - 11:07
4 - 12% - 15% - 5:39
Normal Defense
1 - 30% - 30% - 14:15
2 - 32% - 30% - 14:55
3 - 27% - 25% - 12:32
4 - 11% - 15% - 5:22
PP Forward
1 - 55% - 50% - 4:29
2 - 45% - 50% - 3:38
PP Defense
1 - 48% - 50% - 3:55
2 - 52% - 50% - 4:12
PK Forward
1 - 53% - 50% - 2:13
2 - 47% - 50% - 2:00
PK Defense
1 - 56% - 50% - 2:21
2 - 44% - 50% - 1:52
PK3 Forward
1 - 0% - 50%
2 - 0% - 50%
PK3 Defense
1 - 0% - 50%
2 - 0% - 50%
44 Forward
1 - 0% - 50%
2 - 0% - 50%
44 Defense
1 - 0% - 50%
2 - 0% - 50%
Last Minute Offensive - 0:36
Last Minute Defensive - 0:00
Total
Forward - 60:00
Defense - 60:00
|
% Time on Ice - Tucson Roadrunners
Lines # - Real PCT - Wanted PCT - Time Play
Normal Forward
1 - 27% - 30% - 12:39
2 - 34% - 30% - 16:03
3 - 26% - 25% - 12:28
4 - 13% - 15% - 5:53
Normal Defense
1 - 30% - 30% - 13:54
2 - 34% - 30% - 15:58
3 - 26% - 25% - 12:19
4 - 10% - 15% - 4:52
PP Forward
1 - 53% - 50% - 2:13
2 - 47% - 50% - 2:00
PP Defense
1 - 54% - 50% - 2:17
2 - 46% - 50% - 1:56
PK Forward
1 - 54% - 50% - 4:21
2 - 46% - 50% - 3:46
PK Defense
1 - 54% - 50% - 4:25
2 - 46% - 50% - 3:42
PK3 Forward
1 - 0% - 50%
2 - 0% - 50%
PK3 Defense
1 - 0% - 50%
2 - 0% - 50%
44 Forward
1 - 0% - 50%
2 - 0% - 50%
44 Defense
1 - 0% - 50%
2 - 0% - 50%
Last Minute Offensive - 0:00
Last Minute Defensive - 0:37
Total
Forward - 60:00
Defense - 60:00
|
Play-by-Play
1st period
0:01 of 1st period - Nikita Nesterenko wins face-off versus Steven Lorentz in neutral zone.
0:26 of 1st period - Angus Crookshank is hit by Dryden Hunt and loses puck.
0:45 of 1st period - Topias Vilen is hit by Maxim Groshev and loses puck.
1:08 of 1st period - Backhand shot by Andre Lee.
1:08 of 1st period - Shot Misses the Net.
1:10 of 1st period - Slapshot by Maxwell Crozier.
1:10 of 1st period - Stopped by Ivan Fedotov without a rebound.
1:11 of 1st period - Chase Wheatcroft wins face-off versus Angus Crookshank in Abbotsford Heat zone.
1:35 of 1st period - Hunter McDonald is hit by Hunter Drew and loses puck.
2:01 of 1st period - Minor Penalty to Hunter Drew for Roughing.
2:02 of 1st period - Devin Shore wins face-off versus Ty Dellandrea in Tucson Roadrunners zone.
2:11 of 1st period - Slapshot by Nikita Nesterenko.
2:11 of 1st period - Stopped by Arturs Silovs without a rebound.
2:12 of 1st period - Ty Dellandrea wins face-off versus Devin Shore in Tucson Roadrunners zone.
3:15 of 1st period - Slapshot by Garnet Hathaway.
3:15 of 1st period - Stopped by Arturs Silovs with a rebound.
3:17 of 1st period - Backhand shot by Garnet Hathaway.
3:17 of 1st period - Shot Misses the Net.
3:19 of 1st period - Backhand shot by Garnet Hathaway.
3:19 of 1st period - Stopped by Arturs Silovs with a rebound.
3:21 of 1st period - Slapshot by Vincent Iorio.
3:21 of 1st period - Shot Blocked by Jani Hakanpaa.
3:23 of 1st period - Backhand shot by Devin Shore.
3:23 of 1st period - Shot Blocked by Jani Hakanpaa.
3:25 of 1st period - Slapshot by Devin Shore.
3:25 of 1st period - Goal by Devin Shore - Abbotsford Heat : 1 - Tucson Roadrunners : 0.
3:26 of 1st period - Ivan Ivan wins face-off versus Lucas Condotta in neutral zone.
3:31 of 1st period - Snap shot by Dryden Hunt.
3:31 of 1st period - Stopped by Ivan Fedotov without a rebound.
3:32 of 1st period - Lucas Condotta wins face-off versus Dryden Hunt in Abbotsford Heat zone.
3:32 of 1st period - Lucas Condotta is hit by Ivan Ivan.
3:54 of 1st period - Minor Penalty to Lucas Condotta for Interference.
3:55 of 1st period - Garnet Hathaway wins face-off versus Brock McGinn in Abbotsford Heat zone.
4:17 of 1st period - Dennis Cholowski is hit by Steven Lorentz and loses puck.
5:54 of 1st period - Penalty to Lucas Condotta is over, Lucas Condotta is back on ice.
6:02 of 1st period - Slapshot by Dennis Cholowski.
6:02 of 1st period - Shot Blocked by Tyson Barrie.
6:04 of 1st period - Snap shot by Lucas Condotta.
6:04 of 1st period - Shot Misses the Net.
6:06 of 1st period - Wrist shot by Maxim Groshev.
6:06 of 1st period - Deflect By Lucas Condotta.
6:06 of 1st period - Stopped by Arturs Silovs with a rebound.
6:08 of 1st period - Wrist shot by Lucas Condotta.
6:08 of 1st period - Goal by Lucas Condotta - Abbotsford Heat : 2 - Tucson Roadrunners : 0.
6:09 of 1st period - Steven Lorentz wins face-off versus Benoit-Olivier Groulx in neutral zone.
6:51 of 1st period - Snap shot by Brock McGinn.
6:51 of 1st period - Goal by Brock McGinn - Abbotsford Heat : 2 - Tucson Roadrunners : 1.
6:52 of 1st period - Ivan Ivan wins face-off versus Devin Shore in neutral zone.
7:17 of 1st period - Dennis Cholowski is hit by Jani Hakanpaa and loses puck.
8:09 of 1st period - Nikita Prishchepov is hit by Atley Calvert and loses puck.
8:27 of 1st period - Off-side.
8:28 of 1st period - William Carrier wins face-off versus Benoit-Olivier Groulx in neutral zone.
9:53 of 1st period - Atley Calvert is hit by Garnet Hathaway and loses puck.
10:12 of 1st period - Wrist shot by Lucas Condotta.
10:12 of 1st period - Deflect By Rafael Harvey-Pinard.
10:12 of 1st period - Stopped by Arturs Silovs without a rebound.
10:13 of 1st period - Lucas Condotta wins face-off versus Steven Lorentz in Tucson Roadrunners zone.
10:13 of 1st period - Steven Lorentz beats up Vincent Iorio.
10:13 of 1st period - Penalty to Steven Lorentz for Fighting.
10:13 of 1st period - Penalty to Vincent Iorio for Fighting.
10:14 of 1st period - Ty Dellandrea wins face-off versus Devin Shore in Tucson Roadrunners zone.
10:14 of 1st period - Ty Dellandrea is hit by Devin Shore.
10:20 of 1st period - Dennis Cholowski is hit by Ty Dellandrea and loses puck.
10:26 of 1st period - Off-side.
10:27 of 1st period - Devin Shore wins face-off versus Ondrej Pavel in neutral zone.
11:02 of 1st period - Wrist shot by Devin Shore.
11:02 of 1st period - Shot Misses the Net.
11:04 of 1st period - Slapshot by Garnet Hathaway.
11:04 of 1st period - Stopped by Arturs Silovs without a rebound.
11:05 of 1st period - Benoit-Olivier Groulx wins face-off versus Ivan Ivan in Tucson Roadrunners zone.
11:06 of 1st period - Wrist shot by Jani Nyman.
11:06 of 1st period - Stopped by Arturs Silovs without a rebound.
11:07 of 1st period - Benoit-Olivier Groulx wins face-off versus Ivan Ivan in Tucson Roadrunners zone.
11:08 of 1st period - Snap shot by Jani Nyman.
11:08 of 1st period - Shot Misses the Net.
11:23 of 1st period - Snap shot by Ivan Ivan.
11:23 of 1st period - Deflect By Jani Nyman.
11:23 of 1st period - Shot Misses the Net.
11:23 of 1st period - Puck is out of play.
11:24 of 1st period - Ondrej Pavel wins face-off versus Devin Shore in Abbotsford Heat zone.
11:27 of 1st period - Wrist shot by Brock McGinn.
11:27 of 1st period - Shot Blocked by Dennis Cholowski.
11:39 of 1st period - Snap shot by Brock McGinn.
11:39 of 1st period - Shot Blocked by Dennis Cholowski.
11:47 of 1st period - Jani Hakanpaa is hit by Nikita Nesterenko and loses puck.
12:10 of 1st period - Devin Shore is hit by Ty Dellandrea and loses puck.
12:19 of 1st period - Snap shot by Garnet Hathaway.
12:19 of 1st period - Stopped by Arturs Silovs with a rebound.
12:33 of 1st period - Snap shot by Nikita Nesterenko.
12:33 of 1st period - Stopped by Arturs Silovs with a rebound.
12:49 of 1st period - Wrist shot by Nikita Nesterenko.
12:49 of 1st period - Stopped by Arturs Silovs with a rebound.
12:51 of 1st period - Snap shot by Nikita Nesterenko.
12:51 of 1st period - Shot Misses the Net.
12:53 of 1st period - Wrist shot by Garnet Hathaway.
12:53 of 1st period - Stopped by Arturs Silovs without a rebound.
12:54 of 1st period - Benoit-Olivier Groulx wins face-off versus William Carrier in Tucson Roadrunners zone.
12:57 of 1st period - Wrist shot by Jani Nyman.
12:57 of 1st period - Shot Hit the Post.
13:03 of 1st period - Wrist shot by Benoit-Olivier Groulx.
13:03 of 1st period - Stopped by Arturs Silovs with a rebound.
13:07 of 1st period - Wrist shot by Angus Crookshank.
13:07 of 1st period - Deflect By Jani Nyman.
13:07 of 1st period - Shot Misses the Net.
13:07 of 1st period - Puck is out of play.
13:08 of 1st period - Hunter Haight wins face-off versus Lucas Condotta in Tucson Roadrunners zone.
13:35 of 1st period - Angus Crookshank is hit by William Carrier.
13:59 of 1st period - Nikita Prishchepov is hit by Andre Lee and loses puck.
15:00 of 1st period - Lucas Condotta is hit by William Carrier and loses puck.
15:29 of 1st period - Snap shot by Brock McGinn.
15:29 of 1st period - Shot Misses the Net.
15:39 of 1st period - Hunter Haight is hit by Hunter McDonald and loses puck.
16:00 of 1st period - Brock McGinn is hit by Vincent Iorio and loses puck.
16:13 of 1st period - Icing by Ty Dellandrea.
16:14 of 1st period - Devin Shore wins face-off versus Steven Lorentz in Tucson Roadrunners zone.
16:25 of 1st period - Nikita Nesterenko is hit by Ty Dellandrea and loses puck.
16:38 of 1st period - Benoit-Olivier Groulx is hit by Topias Vilen and loses puck.
17:03 of 1st period - Off-side.
17:04 of 1st period - Lucas Condotta wins face-off versus Hunter Haight in neutral zone.
17:13 of 1st period - Wrist shot by Atley Calvert.
17:13 of 1st period - Shot Misses the Net.
17:50 of 1st period - Tyson Barrie is hit by Nikita Prishchepov.
18:16 of 1st period - Rafael Harvey-Pinard is hit by Dryden Hunt.
19:10 of 1st period - Wrist shot by Ivan Ivan.
19:10 of 1st period - Shot Misses the Net.
19:12 of 1st period - Snap shot by Dryden Hunt.
19:12 of 1st period - Goal by Dryden Hunt - Abbotsford Heat : 2 - Tucson Roadrunners : 2.
19:13 of 1st period - Ivan Ivan wins face-off versus Benoit-Olivier Groulx in neutral zone.
19:16 of 1st period - Snap shot by William Carrier.
19:16 of 1st period - Shot Misses the Net.
19:18 of 1st period - Slapshot by Maxwell Crozier.
19:18 of 1st period - Deflect By Dryden Hunt.
19:18 of 1st period - Shot Misses the Net.
19:18 of 1st period - Puck is out of play.
19:19 of 1st period - Benoit-Olivier Groulx wins face-off versus Ivan Ivan in Abbotsford Heat zone.
19:27 of 1st period - Off-side.
19:28 of 1st period - Hunter Haight wins face-off versus Devin Shore in neutral zone.
19:31 of 1st period - Nikita Nesterenko is hit by Matt Luff and loses puck.
19:44 of 1st period - Wrist shot by Matt Luff.
19:44 of 1st period - Shot Misses the Net.
Goals for this period are 2 for Abbotsford Heat vs 2 for Tucson Roadrunners.
Shots for this period are 14 for Abbotsford Heat vs 4 for Tucson Roadrunners.
2nd period
0:01 of 2nd period - Steven Lorentz wins face-off versus Devin Shore in neutral zone.
0:04 of 2nd period - Snap shot by Steven Lorentz.
0:04 of 2nd period - Shot Misses the Net.
0:06 of 2nd period - Wrist shot by Brock McGinn.
0:06 of 2nd period - Shot Blocked by Garnet Hathaway.
0:08 of 2nd period - Snap shot by Maxwell Crozier.
0:08 of 2nd period - Goal by Maxwell Crozier - Abbotsford Heat : 2 - Tucson Roadrunners : 3.
0:09 of 2nd period - Ivan Ivan wins face-off versus Benoit-Olivier Groulx in neutral zone.
0:12 of 2nd period - Angus Crookshank is hit by Jani Hakanpaa and loses puck.
0:21 of 2nd period - Slapshot by Jani Nyman.
0:21 of 2nd period - Shot Blocked by William Carrier.
0:23 of 2nd period - Slapshot by Vincent Iorio.
0:23 of 2nd period - Stopped by Arturs Silovs with a rebound.
0:25 of 2nd period - Wrist shot by Benoit-Olivier Groulx.
0:25 of 2nd period - Stopped by Arturs Silovs with a rebound.
0:56 of 2nd period - Snap shot by Nikita Nesterenko.
0:56 of 2nd period - Shot Misses the Net.
1:02 of 2nd period - Garnet Hathaway is hit by Steven Lorentz and loses puck.
1:39 of 2nd period - Wrist shot by Matt Luff.
1:39 of 2nd period - Stopped by Ivan Fedotov with a rebound.
1:41 of 2nd period - Slapshot by Samuel Knazko.
1:41 of 2nd period - Shot Misses the Net.
1:43 of 2nd period - Slapshot by Hunter Haight.
1:43 of 2nd period - Deflect By Matt Luff.
1:43 of 2nd period - Shot Blocked by Benoit-Olivier Groulx.
1:43 of 2nd period - Puck is out of play.
1:44 of 2nd period - Jani Nyman wins face-off versus Ty Dellandrea in Abbotsford Heat zone.
1:51 of 2nd period - Slapshot by Ty Dellandrea.
1:51 of 2nd period - Shot Misses the Net.
1:53 of 2nd period - Wrist shot by Ty Dellandrea.
1:53 of 2nd period - Stopped by Ivan Fedotov with a rebound.
1:55 of 2nd period - Slapshot by Tyson Barrie.
1:55 of 2nd period - Stopped by Ivan Fedotov without a rebound.
1:56 of 2nd period - Steven Lorentz wins face-off versus Devin Shore in Abbotsford Heat zone.
2:00 of 2nd period - Minor Penalty to Madison Bowey for Hooking.
2:01 of 2nd period - Steven Lorentz wins face-off versus Garnet Hathaway in Abbotsford Heat zone.
2:01 of 2nd period - Snap shot by Ty Dellandrea.
2:01 of 2nd period - Stopped by Ivan Fedotov with a rebound.
2:03 of 2nd period - Snap shot by Ty Dellandrea.
2:03 of 2nd period - Shot Misses the Net.
2:05 of 2nd period - Wrist shot by Ty Dellandrea.
2:05 of 2nd period - Shot Blocked by Jani Nyman.
2:07 of 2nd period - Wrist shot by Maxwell Crozier.
2:07 of 2nd period - Shot Misses the Net.
2:09 of 2nd period - Snap shot by Steven Lorentz.
2:09 of 2nd period - Shot Misses the Net.
2:11 of 2nd period - Slapshot by Brock McGinn.
2:11 of 2nd period - Shot Misses the Net.
2:13 of 2nd period - Snap shot by Steven Lorentz.
2:13 of 2nd period - Shot Misses the Net.
2:15 of 2nd period - Wrist shot by Brock McGinn.
2:15 of 2nd period - Goal by Brock McGinn - Abbotsford Heat : 2 - Tucson Roadrunners : 4.
2:16 of 2nd period - Hunter Haight wins face-off versus Devin Shore in neutral zone.
2:21 of 2nd period - Wrist shot by Matt Luff.
2:21 of 2nd period - Shot Hit the Post.
2:45 of 2nd period - Snap shot by Brock McGinn.
2:45 of 2nd period - Stopped by Ivan Fedotov with a rebound.
2:47 of 2nd period - Snap shot by Ty Dellandrea.
2:47 of 2nd period - Stopped by Ivan Fedotov without a rebound.
2:48 of 2nd period - Benoit-Olivier Groulx wins face-off versus Steven Lorentz in Abbotsford Heat zone.
3:21 of 2nd period - Slapshot by Jani Nyman.
3:21 of 2nd period - Stopped by Arturs Silovs without a rebound.
3:22 of 2nd period - Nikita Prishchepov wins face-off versus Ivan Ivan in Tucson Roadrunners zone.
3:26 of 2nd period - Minor Penalty to Dryden Hunt for Tripping.
3:27 of 2nd period - Benoit-Olivier Groulx wins face-off versus Ty Dellandrea in Tucson Roadrunners zone.
3:53 of 2nd period - Brock McGinn is hit by Garnet Hathaway and loses puck.
4:12 of 2nd period - Snap shot by Jani Nyman.
4:12 of 2nd period - Goal by Jani Nyman - Abbotsford Heat : 3 - Tucson Roadrunners : 4.
4:13 of 2nd period - Devin Shore wins face-off versus Ivan Ivan in neutral zone.
4:16 of 2nd period - Dryden Hunt is hit by Garnet Hathaway and loses puck.
4:23 of 2nd period - Slapshot by Garnet Hathaway.
4:23 of 2nd period - Shot Misses the Net.
4:41 of 2nd period - Lucas Condotta is hit by Atley Calvert and loses puck.
5:12 of 2nd period - Wrist shot by Angus Crookshank.
5:12 of 2nd period - Stopped by Arturs Silovs with a rebound.
5:14 of 2nd period - Snap shot by Hunter McDonald.
5:14 of 2nd period - Stopped by Arturs Silovs with a rebound.
5:47 of 2nd period - Minor Penalty to Hunter Drew for Slashing.
5:48 of 2nd period - Ty Dellandrea wins face-off versus Benoit-Olivier Groulx in Tucson Roadrunners zone.
6:05 of 2nd period - Off-side.
6:06 of 2nd period - Brock McGinn wins face-off versus Devin Shore in neutral zone.
7:47 of 2nd period - Penalty to Hunter Drew is over, Hunter Drew is back on ice.
7:54 of 2nd period - Wrist shot by Rafael Harvey-Pinard.
7:54 of 2nd period - Deflect By Lucas Condotta.
7:54 of 2nd period - Stopped by Arturs Silovs without a rebound.
7:55 of 2nd period - Hunter Haight wins face-off versus Lucas Condotta in Tucson Roadrunners zone.
8:00 of 2nd period - Wrist shot by Lucas Condotta.
8:00 of 2nd period - Shot Blocked by Atley Calvert.
8:02 of 2nd period - Wrist shot by Madison Bowey.
8:02 of 2nd period - Stopped by Arturs Silovs with a rebound.
8:06 of 2nd period - Snap shot by Lucas Condotta.
8:06 of 2nd period - Deflect By Rafael Harvey-Pinard.
8:06 of 2nd period - Stopped by Arturs Silovs with a rebound.
8:08 of 2nd period - Snap shot by Lucas Condotta.
8:08 of 2nd period - Shot Blocked by Samuel Knazko.
8:10 of 2nd period - Slapshot by Hunter McDonald.
8:10 of 2nd period - Shot Misses the Net.
8:42 of 2nd period - Ivan Ivan is hit by Benoit-Olivier Groulx and loses puck.
8:51 of 2nd period - Minor Penalty to Maxwell Crozier for Delaying the game.
8:52 of 2nd period - Ty Dellandrea wins face-off versus Benoit-Olivier Groulx in Tucson Roadrunners zone.
8:57 of 2nd period - Slapshot by Ty Dellandrea.
8:57 of 2nd period - Stopped by Ivan Fedotov with a rebound.
8:59 of 2nd period - Slapshot by Topias Vilen.
8:59 of 2nd period - Shot Blocked by Kirill Kudryavtsev.
9:01 of 2nd period - Wrist shot by Dryden Hunt.
9:01 of 2nd period - Shot Blocked by Jani Nyman.
9:03 of 2nd period - Snap shot by Dryden Hunt.
9:03 of 2nd period - Stopped by Ivan Fedotov with a rebound.
9:05 of 2nd period - Slapshot by Samuel Knazko.
9:05 of 2nd period - Shot Blocked by Kirill Kudryavtsev.
9:20 of 2nd period - Icing by Adam Engstrom.
9:21 of 2nd period - Steven Lorentz wins face-off versus Devin Shore in Abbotsford Heat zone.
9:22 of 2nd period - Snap shot by Brock McGinn.
9:22 of 2nd period - Stopped by Ivan Fedotov with a rebound.
9:46 of 2nd period - Dennis Cholowski is hit by Dryden Hunt and loses puck.
10:21 of 2nd period - Jani Hakanpaa is hit by Devin Shore and loses puck.
10:32 of 2nd period - Jani Hakanpaa is hit by Angus Crookshank and loses puck.
10:51 of 2nd period - Penalty to Maxwell Crozier is over, Maxwell Crozier is back on ice.
10:55 of 2nd period - Vincent Iorio is hit by Ty Dellandrea and loses puck.
11:02 of 2nd period - Topias Vilen is hit by Benoit-Olivier Groulx and loses puck.
11:22 of 2nd period - Snap shot by Lucas Condotta.
11:22 of 2nd period - Deflect By Rafael Harvey-Pinard.
11:22 of 2nd period - Stopped by Arturs Silovs without a rebound.
11:23 of 2nd period - Hunter Haight wins face-off versus Nikita Prishchepov in Tucson Roadrunners zone.
11:36 of 2nd period - Wrist shot by Matt Luff.
11:36 of 2nd period - Shot Blocked by Garnet Hathaway.
11:59 of 2nd period - Snap shot by Lucas Condotta.
11:59 of 2nd period - Shot Blocked by Samuel Knazko.
12:11 of 2nd period - Snap shot by Dryden Hunt.
12:11 of 2nd period - Stopped by Ivan Fedotov with a rebound.
12:13 of 2nd period - Wrist shot by Dryden Hunt.
12:13 of 2nd period - Shot Blocked by Kirill Kudryavtsev.
12:15 of 2nd period - Wrist shot by William Carrier.
12:15 of 2nd period - Shot Blocked by Garnet Hathaway.
12:17 of 2nd period - Wrist shot by Hunter Drew.
12:17 of 2nd period - Stopped by Ivan Fedotov with a rebound.
14:01 of 2nd period - Icing by Maxwell Crozier.
14:02 of 2nd period - Nikita Prishchepov wins face-off versus Hunter Haight in Tucson Roadrunners zone.
14:08 of 2nd period - Icing by Matt Luff.
14:09 of 2nd period - Benoit-Olivier Groulx wins face-off versus Hunter Haight in Tucson Roadrunners zone.
14:24 of 2nd period - Slapshot by Hunter Haight.
14:24 of 2nd period - Stopped by Ivan Fedotov with a rebound.
15:01 of 2nd period - Snap shot by Brock McGinn.
15:01 of 2nd period - Shot Misses the Net.
15:03 of 2nd period - Slapshot by Maxwell Crozier.
15:03 of 2nd period - Deflect By Lucas Condotta.
15:03 of 2nd period - Stopped by Ivan Fedotov with a rebound.
15:05 of 2nd period - Snap shot by Steven Lorentz.
15:05 of 2nd period - Shot Misses the Net.
15:07 of 2nd period - Slapshot by Topias Vilen.
15:07 of 2nd period - Stopped by Ivan Fedotov with a rebound.
15:39 of 2nd period - Kirill Kudryavtsev is hit by Steven Lorentz and loses puck.
16:00 of 2nd period - Snap shot by Lucas Condotta.
16:00 of 2nd period - Stopped by Arturs Silovs with a rebound.
16:20 of 2nd period - Wrist shot by Jani Nyman.
16:20 of 2nd period - Shot Misses the Net.
16:49 of 2nd period - Wrist shot by Ty Dellandrea.
16:49 of 2nd period - Stopped by Ivan Fedotov without a rebound.
16:50 of 2nd period - Ivan Ivan wins face-off versus Benoit-Olivier Groulx in Abbotsford Heat zone.
16:51 of 2nd period - Snap shot by William Carrier.
16:51 of 2nd period - Shot Misses the Net.
16:59 of 2nd period - Snap shot by Dryden Hunt.
16:59 of 2nd period - Stopped by Ivan Fedotov without a rebound.
17:00 of 2nd period - Benoit-Olivier Groulx wins face-off versus Ivan Ivan in Abbotsford Heat zone.
17:58 of 2nd period - Wrist shot by Jani Nyman.
17:58 of 2nd period - Stopped by Arturs Silovs with a rebound.
18:08 of 2nd period - Wrist shot by Ivan Ivan.
18:08 of 2nd period - Stopped by Ivan Fedotov without a rebound.
18:09 of 2nd period - Devin Shore wins face-off versus Steven Lorentz in Abbotsford Heat zone.
18:34 of 2nd period - Maxim Groshev is hit by Jani Hakanpaa and loses puck.
18:41 of 2nd period - Wrist shot by Hunter Haight.
18:41 of 2nd period - Shot Misses the Net.
18:43 of 2nd period - Slapshot by Maxwell Crozier.
18:43 of 2nd period - Shot Blocked by Rafael Harvey-Pinard.
18:45 of 2nd period - Slapshot by Matt Luff.
18:45 of 2nd period - Shot Blocked by Rafael Harvey-Pinard.
Goals for this period are 1 for Abbotsford Heat vs 2 for Tucson Roadrunners.
Shots for this period are 12 for Abbotsford Heat vs 19 for Tucson Roadrunners.
3rd period
0:01 of 3rd period - Devin Shore wins face-off versus Steven Lorentz in neutral zone.
0:34 of 3rd period - Wrist shot by Hunter Haight.
0:34 of 3rd period - Stopped by Ivan Fedotov with a rebound.
0:36 of 3rd period - Wrist shot by Hunter Haight.
0:36 of 3rd period - Shot Blocked by Dennis Cholowski.
0:38 of 3rd period - Wrist shot by Matt Luff.
0:38 of 3rd period - Shot Misses the Net.
0:40 of 3rd period - Snap shot by Tyson Barrie.
0:40 of 3rd period - Stopped by Ivan Fedotov with a rebound.
1:00 of 3rd period - Wrist shot by Benoit-Olivier Groulx.
1:00 of 3rd period - Shot Misses the Net.
1:33 of 3rd period - Slapshot by Ivan Ivan.
1:33 of 3rd period - Goal by Ivan Ivan - Abbotsford Heat : 3 - Tucson Roadrunners : 5.
1:34 of 3rd period - Brock McGinn wins face-off versus Devin Shore in neutral zone.
2:01 of 3rd period - Hunter Haight is hit by Adam Engstrom and loses puck.
2:29 of 3rd period - Snap shot by Dryden Hunt.
2:29 of 3rd period - Shot Blocked by Maxim Groshev.
2:31 of 3rd period - Snap shot by William Carrier.
2:31 of 3rd period - Shot Blocked by Lucas Condotta.
2:33 of 3rd period - Wrist shot by Ivan Ivan.
2:33 of 3rd period - Stopped by Ivan Fedotov with a rebound.
2:52 of 3rd period - Slapshot by Dennis Cholowski.
2:52 of 3rd period - Shot Misses the Net.
3:18 of 3rd period - Snap shot by Devin Shore.
3:18 of 3rd period - Shot Misses the Net.
3:20 of 3rd period - Wrist shot by Vincent Iorio.
3:20 of 3rd period - Deflect By Atley Calvert.
3:20 of 3rd period - Stopped by Arturs Silovs with a rebound.
3:31 of 3rd period - Off-side.
3:32 of 3rd period - Benoit-Olivier Groulx wins face-off versus Ivan Ivan in neutral zone.
3:39 of 3rd period - Wrist shot by Jani Nyman.
3:39 of 3rd period - Shot Misses the Net.
3:41 of 3rd period - Snap shot by Jani Nyman.
3:41 of 3rd period - Shot Blocked by Dryden Hunt.
3:59 of 3rd period - Icing by Madison Bowey.
4:00 of 3rd period - Devin Shore wins face-off versus Hunter Haight in Abbotsford Heat zone.
4:00 of 3rd period - Devin Shore is hit by Atley Calvert.
4:10 of 3rd period - Wrist shot by Atley Calvert.
4:10 of 3rd period - Shot Blocked by Devin Shore.
4:28 of 3rd period - Snap shot by Ivan Ivan.
4:28 of 3rd period - Stopped by Ivan Fedotov with a rebound.
4:44 of 3rd period - Snap shot by Nikita Nesterenko.
4:44 of 3rd period - Shot Misses the Net.
4:46 of 3rd period - Wrist shot by Devin Shore.
4:46 of 3rd period - Shot Blocked by Samuel Knazko.
5:28 of 3rd period - Wrist shot by Nikita Nesterenko.
5:28 of 3rd period - Shot Blocked by Dryden Hunt.
5:30 of 3rd period - Snap shot by Nikita Nesterenko.
5:30 of 3rd period - Goal by Nikita Nesterenko - Abbotsford Heat : 4 - Tucson Roadrunners : 5.
5:31 of 3rd period - Benoit-Olivier Groulx wins face-off versus Ty Dellandrea in neutral zone.
5:38 of 3rd period - Slapshot by Angus Crookshank.
5:38 of 3rd period - Stopped by Arturs Silovs with a rebound.
5:53 of 3rd period - Minor Penalty to Benoit-Olivier Groulx for Slashing.
5:54 of 3rd period - Garnet Hathaway wins face-off versus Steven Lorentz in Abbotsford Heat zone.
6:03 of 3rd period - Snap shot by Steven Lorentz.
6:03 of 3rd period - Shot Misses the Net.
6:05 of 3rd period - Snap shot by Steven Lorentz.
6:05 of 3rd period - Stopped by Ivan Fedotov with a rebound.
6:07 of 3rd period - Snap shot by Ty Dellandrea.
6:07 of 3rd period - Shot Blocked by Dennis Cholowski.
6:33 of 3rd period - Vincent Iorio is hit by William Carrier and loses puck.
6:48 of 3rd period - Slapshot by Dryden Hunt.
6:48 of 3rd period - Shot Hit the Post.
6:50 of 3rd period - Wrist shot by Tyson Barrie.
6:50 of 3rd period - Shot Misses the Net.
7:53 of 3rd period - Penalty to Benoit-Olivier Groulx is over, Benoit-Olivier Groulx is back on ice.
7:53 of 3rd period - Icing by Tyson Barrie.
7:54 of 3rd period - Lucas Condotta wins face-off versus Steven Lorentz in Tucson Roadrunners zone.
8:03 of 3rd period - Slapshot by Lucas Condotta.
8:03 of 3rd period - Deflect By Maxim Groshev.
8:03 of 3rd period - Shot Blocked by Brock McGinn.
8:03 of 3rd period - Puck is out of play.
8:04 of 3rd period - Hunter Haight wins face-off versus Lucas Condotta in Tucson Roadrunners zone.
8:06 of 3rd period - Lucas Condotta beats up Topias Vilen.
8:06 of 3rd period - Penalty to Topias Vilen for Fighting.
8:06 of 3rd period - Penalty to Lucas Condotta for Fighting.
8:07 of 3rd period - Devin Shore wins face-off versus Steven Lorentz in Tucson Roadrunners zone.
8:14 of 3rd period - Snap shot by Garnet Hathaway.
8:14 of 3rd period - Shot Blocked by Brock McGinn.
8:24 of 3rd period - Vincent Iorio is hit by Tyson Barrie and loses puck.
8:41 of 3rd period - Slapshot by Dryden Hunt.
8:41 of 3rd period - Shot Misses the Net.
9:41 of 3rd period - Snap shot by Jani Nyman.
9:41 of 3rd period - Stopped by Arturs Silovs with a rebound.
10:01 of 3rd period - Maxwell Crozier is hit by Luke Toporowski and loses puck.
10:13 of 3rd period - Off-side.
10:14 of 3rd period - Brock McGinn wins face-off versus Devin Shore in neutral zone.
10:24 of 3rd period - Icing by Nikita Nesterenko.
10:25 of 3rd period - Devin Shore wins face-off versus Ivan Ivan in Abbotsford Heat zone.
10:25 of 3rd period - Devin Shore is hit by Dryden Hunt.
10:59 of 3rd period - Benoit-Olivier Groulx is hit by Brock McGinn and loses puck.
11:12 of 3rd period - Maxim Groshev is hit by Hunter Haight and loses puck.
11:23 of 3rd period - Wrist shot by Matt Luff.
11:23 of 3rd period - Stopped by Ivan Fedotov with a rebound.
11:38 of 3rd period - Kirill Kudryavtsev is hit by Dryden Hunt and loses puck.
11:53 of 3rd period - Snap shot by Steven Lorentz.
11:53 of 3rd period - Stopped by Ivan Fedotov without a rebound.
11:54 of 3rd period - Benoit-Olivier Groulx wins face-off versus Hunter Haight in Abbotsford Heat zone.
11:58 of 3rd period - Maxwell Crozier is hit by Vincent Iorio and loses puck.
12:20 of 3rd period - Snap shot by Angus Crookshank.
12:20 of 3rd period - Deflect By Jani Nyman.
12:20 of 3rd period - Stopped by Arturs Silovs without a rebound.
12:21 of 3rd period - Steven Lorentz wins face-off versus Garnet Hathaway in Tucson Roadrunners zone.
12:42 of 3rd period - Minor Penalty to Tyson Barrie for Holding.
12:43 of 3rd period - Benoit-Olivier Groulx wins face-off versus Ty Dellandrea in Tucson Roadrunners zone.
12:44 of 3rd period - Snap shot by Jani Nyman.
12:44 of 3rd period - Stopped by Arturs Silovs with a rebound.
13:06 of 3rd period - Penalty to Topias Vilen is over, Topias Vilen is back on ice.
13:10 of 3rd period - Ty Dellandrea is hit by Kirill Kudryavtsev and loses puck.
14:24 of 3rd period - Brock McGinn is hit by Benoit-Olivier Groulx and loses puck.
14:42 of 3rd period - Penalty to Tyson Barrie is over, Tyson Barrie is back on ice.
15:18 of 3rd period - Slapshot by Tyson Barrie.
15:18 of 3rd period - Shot Misses the Net.
15:20 of 3rd period - Slapshot by Hunter Drew.
15:20 of 3rd period - Deflect By William Carrier.
15:20 of 3rd period - Stopped by Ivan Fedotov with a rebound.
16:00 of 3rd period - Dennis Cholowski is hit by Dryden Hunt and loses puck.
16:49 of 3rd period - Luke Toporowski is hit by Maxwell Crozier and loses puck.
18:25 of 3rd period - Nikita Prishchepov is hit by Ondrej Pavel and loses puck.
18:56 of 3rd period - Abbotsford Heat, Ivan Fedotov is pulled from the net.
18:56 of 3rd period - Slapshot by Garnet Hathaway.
18:56 of 3rd period - Stopped by Arturs Silovs without a rebound.
18:57 of 3rd period - Alex Burrows call a timeout for Abbotsford Heat.
18:57 of 3rd period - Devin Shore wins face-off versus Steven Lorentz in Tucson Roadrunners zone.
19:20 of 3rd period - Wrist shot by Ty Dellandrea.
19:20 of 3rd period - Shot Misses the Net.
19:22 of 3rd period - Snap shot by Ty Dellandrea.
19:22 of 3rd period - Goal by Ty Dellandrea - Abbotsford Heat : 4 - Tucson Roadrunners : 6.
19:22 of 3rd period - Ivan Fedotov from Abbotsford Heat was sent back in the game.
19:23 of 3rd period - Lucas Condotta wins face-off versus Steven Lorentz in neutral zone.
19:23 of 3rd period - Lucas Condotta is hit by Samuel Knazko.
19:50 of 3rd period - Atley Calvert is hit by Sandis Vilmanis and loses puck.
19:59 of 3rd period - Snap shot by Garnet Hathaway.
19:59 of 3rd period - Stopped by Arturs Silovs without a rebound.
Goals for this period are 1 for Abbotsford Heat vs 2 for Tucson Roadrunners.
Shots for this period are 8 for Abbotsford Heat vs 10 for Tucson Roadrunners.
Back to the Top